 Dungeon Crawl Stone Soup version 0.30.1-9-gdf580d7c3d (webtiles) character file.

Game seed: 13400234171640275483

13638 jagang the Blocker (level 12, -3/96 HPs)
             Began as a Human Fighter on Sept 28, 2023.
             Was a High Priest of the Shining One.
             Slain by a fire elemental (18 damage)
             ... summoned by a deep elf pyromancer
             ... on level 12 of the Dungeon.
             The game lasted 00:53:01 (12579 turns).

jagang the Blocker (Human Fighter)                 Turns: 12579, Time: 00:53:02

Health: -3/96      AC: 18    Str: 31    XL:     12   Next: 35%
Magic:  15/15      EV:  9    Int:  9    God:    the Shining One [*****.]
Gold:   709        SH:  7    Dex: 18    Spells: 11/11 levels left

rFire   x . .        Z - +8 autumn katana {manifold assault}
rCold   . . .        c - +0 buckler
rNeg    + + .        D - +4 chain mail "Juteg" {rElec rF- Str+4 Dex+5}
rPois   .            R - +1 hat
rElec   +            (no cloak)
rCorr   .            d - +1 pair of gloves
SInv    +            (no boots)
Will    .....        (no amulet) Stlth
                     s - ring "Nostrukk" {+Blink SInv}
HPRegen 0.36/turn    m - +6 ring of strength
MPRegen 0.14/turn

%: no passive effects
@: mighty, slowed, glowing, studying Fighting, very slow
A: no striking features
a: Renounce Religion, Evoke Blink, Divine Shield, Cleansing Flame, Summon Divine
Warrior


You were on level 12 of the Dungeon.
You worshipped the Shining One.
The Shining One was extremely pleased with you.
You visited 3 branches of the dungeon, and saw 14 of its levels.
You also visited: Ossuary, Bailey and Gauntlet.

You collected 775 gold pieces.
You spent 66 gold pieces at shops.

Inventory:

Hand Weapons
 Z - the +8 autumn katana (weapon) {manifold assault}
   (You acquired it on level 8 of the Dungeon)
Missiles
 x - 14 poisoned darts
 z - 6 atropa-tipped darts
 Q - 10 javelins (quivered)
 U - 4 boomerangs of dispersal
Armour
 c - a +0 buckler (worn)
 d - a +1 pair of gloves (worn)
 D - the +4 chain mail "Juteg" (worn) {rElec rF- Str+4 Dex+5}
   (You found it on level 5 of the Dungeon)

   Str:       It affects your strength (+4).
   Dex:       It affects your dexterity (+5).
   rF:        It makes you vulnerable to fire.
   rElec:     It insulates you from electricity.
 R - a +1 hat (worn)
Jewellery
 m - a +6 ring of strength (right hand)
 s - the ring "Nostrukk" (left hand) {+Blink SInv}
   (You found it on level 2 of the Dungeon)

   [ring of see invisible]

   SInv:      It lets you see invisible.
   +Blink:    It lets you blink.
 F - a ring of protection from cold
 L - a ring of resist corrosion
 P - a ring of poison resistance
Wands
 g - a wand of flame (3)
 w - a wand of roots (19)
 G - a wand of paralysis (6)
 S - a wand of acid (6)
 V - a wand of digging (11)
Scrolls
 h - 8 scrolls of teleportation
 i - 5 scrolls of vulnerability {unknown}
 j - 4 scrolls of amnesia {unknown}
 k - 2 scrolls of enchant weapon
 n - 3 scrolls of fear
 o - 4 scrolls of noise {unknown}
 q - 4 scrolls of blinking
 r - a scroll of butterflies
 v - 4 scrolls of fog {unknown}
 C - 4 scrolls of enchant armour {unknown}
 I - 2 scrolls of brand weapon
 J - 2 scrolls of magic mapping {unknown}
Potions
 b - 5 potions of lignification {unknown}
 e - 4 potions of brilliance
 p - 2 potions of mutation {unknown}
 u - 5 potions of curing {unknown}
 B - 3 potions of haste {unknown}
 E - 6 potions of heal wounds {unknown}
 H - 3 potions of attraction {unknown}
 M - a potion of magic {unknown}
 O - a potion of flight {unknown}
 W - 3 potions of berserk rage {unknown}
 Y - a potion of ambrosia {unknown}
Miscellaneous
 y - a phantom mirror (inert)
 A - a lightning rod (3/4)
 X - a phial of floods


   Skills:
 + Level 9.5 Fighting
 * Level 10.5 Long Blades
 - Level 4.0 Throwing
 + Level 7.7 Armour
 * Level 10.6 Shields
 - Level 5.2 Invocations
 + Level 4.0 Evocations


You had 11 spell levels left.
You didn't know any spells.
Your spell library contained the following spells:

 Spells                   Type           Power      Damage    Failure   Level
 Kiss of Death            Conj/Necr      0%         2d5       83%         1
 Blink                    Tloc           0%         N/A       93%         2
 Ensorcelled Hibernation  Hex/Ice        0%         N/A       93%         2
 Lesser Beckoning         Tloc           0%         N/A       93%         2
 Momentum Strike          Conj/Tloc      0%         3d8       93%         2
 Poisonous Vapours        Pois/Air       0%         N/A       93%         2
 Confusing Touch          Hex            0%         N/A       99%         3
 Inner Flame              Hex/Fire       0%         N/A       99%         3
 Mephitic Cloud           Conj/Pois/Air  0%         N/A       99%         3
 Spider Form              Tmut/Pois      0%         N/A       99%         3
 Volatile Blastmotes      Fire/Tloc      0%         2d10      99%         3
 Anguish                  Hex/Necr       0%         N/A       100%        4
 Dispel Undead            Necr           0%         3d6       100%        4
 Fulminant Prism          Conj/Hex       0%         3d5       100%        4
 Iskenderun's Mystic Bla  Conj/Tloc      0%         2d3       100%        4
 Manifold Assault         Tloc           0%         N/A       100%        4
 Fireball                 Conj/Fire      0%         3d3       100%        5
 Freezing Cloud           Conj/Ice/Air   0%         6-21      100%        5
 Iskenderun's Battlesphe  Conj           0%         2d6       100%        5
 Lee's Rapid Deconstruct  Erth           0%         3d4*      100%        5
 Yara's Violent Unravell  Hex/Tmut       0%         3d3       100%        5
 Conjure Ball Lightning   Conj/Air       0%         3x3d6     100%        6
 Dispersal                Tloc           0%         N/A       100%        6
 Enfeeble                 Hex            0%         N/A       100%        7
 Orb of Destruction       Conj           0%         9d5       100%        7
 Disjunction              Tloc           0%         N/A       100%        8


Dungeon Overview and Level Annotations

Branches:
Dungeon (12/15)            Temple (1/1) D:5            Lair (1/5) D:10
    Orc (0/2) D:10        Ossuary (visited)          Bailey (visited)
Gauntlet (visited)

Altars:
Ashenzari
Cheibriados
Dithmenos
Elyvilon
Fedhas
Gozag
Hepliaklqana
Kikubaaqudgha
Makhleb
Nemelex Xobeh
Okawaru
Qazlal
Ru
Sif Muna
Trog
Uskayaw
Vehumet
Wu Jian
Xom
Yredelemnul
Zin
The Shining One

Shops:
D:2 ?

Annotations:
D:5 2 transporters, Thatboi's ghost, novice MiBe


Message History

* * * LOW HITPOINT WARNING * * *
As you read the scroll of fear, it crumbles to dust.
You assume a fearsome visage.
The tengu conjurer looks frightened!
The two-headed ogre looks frightened!
The boulder beetle looks frightened!
The howler monkey looks frightened!
The deep elf pyromancer looks frightened!
The tengu warrior looks frightened!
The deep elf archer resists with almost no effort.
The acid dragon looks frightened!
The troll looks frightened!
The cyan ugly thing looks frightened!
The fire elemental is unaffected.
A battlesphere comes into view.
The tengu conjurer gestures wildly while chanting.
The tengu conjurer blinks!
The deep elf pyromancer casts a spell.
The deep elf pyromancer blinks!
The deep elf archer gestures wildly while chanting.
The deep elf archer blinks!
The tengu warrior looks rattled.
The battlesphere moves out of view.
The deep elf archer shoots an arrow.
The arrow barely misses you.
The deep elf archer mumbles some strange words.
The deep elf archer blinks!
The fire elemental hits you. The fire elemental burns you!
The fire burns you terribly!
* * * LOW HITPOINT WARNING * * *
The fire elemental closely misses you.
There is an open door here.
There's a creature in the doorway!
You slash the fire elemental!
The fire elemental is heavily damaged.
The fire elemental completely misses you.
The fire elemental hits you. The fire elemental burns you!
The fire burns you terribly!
* * * LOW HITPOINT WARNING * * *
The fire elemental hits you. The fire elemental burns you!
The fire burns you terribly! The Shining One protects you from harm!
There is a stone staircase leading up here.
The fire elemental hits you. The fire elemental burns you!
The fire burns you terribly!
You die... ..
OW.

#'##.####### #.u..#.....#
#DhT.#...@.# #...Q#...E.#
.# #....#...ā—‹.# ##..#
####....####'##.....#
.......DĀ°ā—‹ā—‹.D.......#
....................#
..............####..#
|................# #
.................#


You could see a fire elemental (summoned) and an acid dragon.

Vanquished Creatures
  2 two-headed ogres
  A boulder beetle (D:6)
  A soul eater (Gauntlet)
  Amaemon (D:9)
  A cyclops (D:10)
  A smoke demon (Gauntlet)
  An orange demon (D:9)
  An unseen horror (D:11)
  A red devil (Gauntlet)
  A queen bee (Gauntlet)
  Prince Ribbit (D:6)
  A hornet (D:9)
  2 shadows
  3 wraiths
  A vampire (D:9)
  4 spriggans (Bailey)
  2 wyverns
  Eustachio (D:6)
  3 steam dragons
  8 yaks
  2 chaos spawn (Gauntlet)
  Menkaure (D:6)
  A neqoxec (Gauntlet)
  2 wargs (D:10)
  An acid dragon (D:10)
  2 water moccasins
  3 orc warriors
  2 ice beasts
  A sky beast (D:3)
  8 ogres
  4 centaurs
  A scorpion (D:4)
  4 wights (D:10)
  18 killer bees
  3 howler monkeys
  3 crimson imps (Gauntlet)
  A jelly (D:7)
  A hound (D:7)
  An orc priest (D:10)
  2 sleepcaps
  4 iguanas
  5 orc wizards
  3 mummies (Ossuary)
  9 gnolls
  6 adders
  5 shadow imps
  2 white imps
  An ufetubus (D:4)
  A worm (D:3)
  5 dart slugs
  25 orcs
  10 endoplasms
  3 giant cockroaches
  5 goblins
  7 hobgoblins
  9 jackals
  8 kobolds
  6 quokkas
  8 ball pythons
  8 bats
  A frilled lizard (D:3)
  A gnoll zombie (Ossuary)
  6 goblin zombies (Ossuary)
  3 hobgoblin zombies (Ossuary)
  2 kobold zombies (Ossuary)
  12 rats
  A butterfly (D:5)
254 creatures vanquished.

Vanquished Creatures (collateral kills)
  A minotaur (Gauntlet)
1 creature vanquished.

Grand Total: 255 creatures vanquished

Notes
Turn   | Place    | Note
-------+----------+-------------------------------------------
     0 | D:1      | jagang the Human Fighter began the quest for the Orb.
     0 | D:1      | Reached XP level 1. HP: 18/18 MP: 1/1
   143 | D:1      | Reached XP level 2. HP: 24/24 MP: 2/2
   429 | D:1      | Reached XP level 3. HP: 29/29 MP: 3/3
   933 | D:1      | Reached skill level 1 in Throwing
   933 | D:1      | Reached XP level 4. HP: 4/35 MP: 4/4
  1338 | D:2      | Found Adut's Magic Scroll Shop.
  1361 | D:2      | Bought a scroll of identify for 22 gold pieces
  1361 | D:2      | Bought a scroll of fear for 44 gold pieces
  1647 | D:2      | Reached XP level 5. HP: 39/41 MP: 5/5
  1886 | D:2      | Found a stormy altar of Qazlal.
  2137 | D:2      | Identified the ring "Nostrukk" {+Blink SInv}
  2294 | D:3      | Found a stormy altar of Qazlal.
  2294 | D:3      | Noticed a sky beast
  2313 | D:3      | Killed a sky beast
  2314 | D:3      | Reached XP level 6. HP: 22/47 MP: 6/6
  2637 | D:3      | Identified the +1 ring mail "Ucsastod" {rF- rN++ Will+}
  2995 | D:3      | Found a glowing golden altar of the Shining One.
  3001 | D:3      | Became a worshipper of the Shining One
  3019 | D:3      | Identified the +9 hand axe of Contradiction {heavy, Dex+2}
  3112 | D:3      | Found a shadowy altar of Dithmenos.
  3396 | D:4      | Noticed an ogre
  3404 | D:4      | Killed an ogre
  3596 | D:4      | Found a glowing silver altar of Zin.
  3958 | D:4      | Reached XP level 7. HP: 15/53 MP: 7/7
  4359 | D:5      | Entered Level 5 of the Dungeon
  4372 | D:5      | Identified the +4 chain mail "Juteg" {rElec rF- Str+4
                  | Dex+5}
  4587 | D:5      | Found a transporter.
  4592 | D:5      | Noticed Thatboi's ghost (novice MiBe)
  4606 | D:5      | Found a transporter.
  4660 | D:5      | Found a sparkling altar of Nemelex Xobeh.
  4684 | D:5      | Found a sand-covered staircase.
  4689 | Ossuary  | Entered an ossuary
  4689 | Ossuary  | Noticed a wraith
  4689 | Ossuary  | Noticed a wraith
  4689 | Ossuary  | Noticed a wraith
  4689 | Ossuary  | Reached * piety under the Shining One
  4765 | Ossuary  | Reached skill level 5 in Shields
  4836 | Ossuary  | Noticed a wraith
  4842 | Ossuary  | Killed a wraith
  4895 | Ossuary  | Reached ** piety under the Shining One
  4977 | Ossuary  | Reached XP level 8. HP: 48/60 MP: 8/8
  5023 | Ossuary  | Reached skill level 1 in Invocations
  5125 | D:5      | Found a staircase to the Ecumenical Temple.
  5135 | D:5      | Reached skill level 5 in Long Blades
  5376 | Temple   | Entered the Ecumenical Temple
  5442 | D:6      | Noticed a boulder beetle
  5459 | D:6      | The Shining One protects you from harm!
  5462 | D:6      | Killed a boulder beetle
  5463 | D:6      | Reached XP level 9. HP: 11/67 MP: 10/10
  5658 | D:6      | Noticed Prince Ribbit
  5668 | D:6      | Killed Prince Ribbit
  5836 | D:6      | Found a snail-covered altar of Cheibriados.
  5888 | D:6      | Reached skill level 5 in Fighting
  5889 | D:6      | Reached skill level 5 in Armour
  6037 | D:6      | Noticed Menkaure
  6050 | D:6      | Killed Menkaure
  6413 | D:6      | Noticed Eustachio
  6426 | D:6      | Killed Eustachio
  7515 | D:8      | Reached XP level 10. HP: 51/74 MP: 12/12
  7672 | D:8      | Identified a scroll of acquirement
  7673 | D:8      | Acquired a manual of Fighting
  7737 | D:8      | Found a hide-covered altar of Uskayaw.
  7737 | D:8      | Noticed a +0 spear
  7737 | D:8      | Noticed a +0 spear
  7738 | D:8      | Noticed a +0 falchion
  7738 | D:8      | Noticed a +0 dagger
  7738 | D:8      | Noticed a +0 dagger
  7738 | D:8      | Noticed a +0 falchion
  7740 | D:8      | Noticed a +0 short sword
  7741 | D:8      | Noticed a +0 short sword
  7820 | D:8      | Acquired the +8 autumn katana {manifold assault}
  7820 | D:8      | Found the +8 autumn katana {manifold assault}
  8255 | D:9      | Noticed Amaemon
  8255 | D:9      | Noticed an orange demon
  8278 | D:9      | Killed an orange demon
  8280 | D:9      | Killed Amaemon
  8628 | D:9      | Found a basalt altar of Yredelemnul.
  8629 | D:9      | Found a broken altar of Ashenzari.
  8630 | D:9      | Found a white marble altar of Elyvilon.
  8641 | D:9      | Found a burning altar of Makhleb.
  8715 | D:9      | Reached *** piety under the Shining One
  8794 | D:9      | Noticed a two-headed ogre
  8801 | D:9      | Killed a two-headed ogre
  8802 | D:9      | Reached skill level 5 in Invocations
  9024 | D:9      | Reached XP level 11. HP: 69/84 MP: 14/14
  9163 | D:9      | Reached skill level 1 in Evocations
  9397 | D:9      | Found a sacrificial altar of Ru.
  9539 | D:10     | Entered Level 10 of the Dungeon
  9595 | D:10     | Found a staircase to the Orcish Mines.
  9604 | D:10     | Noticed a cyclops
  9616 | D:10     | Killed a cyclops
  9821 | D:10     | Found an ornate altar of the Wu Jian Council.
  9981 | D:10     | Identified the +6 whip of Xanlauth {heavy, rPois}
 10020 | D:10     | Found a radiant altar of Vehumet.
 10078 | D:10     | Found a flagged portal.
 10093 | Bailey   | Entered a bailey
 10304 | Bailey   | Identified the +4 acid dragon scales "Quch" {rC++ rCorr
                  | Str+6 Dex-4}
 10617 | Bailey   | Noticed a two-headed ogre
 10622 | Bailey   | Killed a two-headed ogre
 10881 | D:10     | Found a staircase to the Lair.
 10885 | Lair:1   | Entered Level 1 of the Lair of Beasts
 11387 | D:11     | Found a gate leading to a gauntlet.
 11396 | Gauntlet | Entered a Gauntlet
 11396 | Gauntlet | Noticed a large abomination
 11396 | Gauntlet | Reached **** piety under the Shining One
 11396 | Gauntlet | Found a transporter.
 11396 | Gauntlet | Found a transporter.
 11423 | Gauntlet | Found a transporter.
 11424 | Gauntlet | Found a transporter.
 11425 | Gauntlet | Noticed a glowing orange brain
 11430 | Gauntlet | Noticed a brown ugly thing
 11431 | Gauntlet | Noticed a purple ugly thing
 11433 | Gauntlet | Found a transporter.
 11454 | Gauntlet | Found a transporter.
 11475 | Gauntlet | Found a transporter.
 11478 | Gauntlet | Found a transporter.
 11485 | Gauntlet | Noticed a soul eater
 11487 | Gauntlet | Found a transporter.
 11492 | Gauntlet | Found a transporter.
 11571 | Gauntlet | Reached skill level 10 in Shields
 11634 | Gauntlet | Found a transporter.
 11652 | Gauntlet | Killed a soul eater
 11653 | Gauntlet | Reached skill level 10 in Long Blades
 11653 | Gauntlet | Reached XP level 12. HP: 69/94 MP: 15/15
 11729 | Gauntlet | Found a transporter.
 11852 | Gauntlet | Identified the staff of cold "Ywyul" {*Corrode rC+ Will+
                  | Int+2 Dex+3}
 11879 | Gauntlet | Identified the +8 glaive of Crusades {speed, rF+ rN+ Str+4
                  | Int+4}
 11879 | Gauntlet | Noticed a minotaur
 11885 | Gauntlet | Killed a minotaur
 12290 | D:11     | Reached ***** piety under the Shining One
 12560 | D:12     | Noticed a tengu warrior
 12566 | D:12     | Noticed a boulder beetle
 12569 | D:12     | Noticed a two-headed ogre
 12577 | D:12     | The Shining One protects you from harm!
 12579 | D:12     | Slain by a fire elemental

Illustrated notes

Levels and vault maps discovered:
D:1:      minmay_arrival_jagged, layout_basic, minmay_misc_feat_cross
D:2:      layout_loops_ring, basic_altar, serial_shops, shop,
          grunt_ministairs_10, minmay_hexomino_c4
D:3:      layout_loops_cross, nicolae_dithmenos_the_darkroom,
          nicolae_tso_carved_into_rock, nicolae_qazlal_beasts_of_the_sky,
          lexackson_kobold_supper
D:4:      layout_loops_ring, zin_academy, minivault_5
D:5:      layout_basic, nemelex_xobeh_ov_fountains_minmay,
          minmay_temple_entry_butterflies, lightli_ossuary_entry_decrepit_ruins,
          gammafunk_ghost_arena
D:6:      layout_loops_ring, mainiacjoe_overflow_concentric_impassable,
          uniq_menkaure, uniq_prince_ribbit1, uniq_eustachio
D:7:      layout_basic
D:8:      layout_basic, nicolae_uskayaw_en_pointe
D:9:      layout_stronghold, nicolae_ru_path_of_blood, kennysheep_little_box,
          grunt_temple_overflow_open, uniq_amaemon
D:10:     wad_crossroads, layout_loops_cross, nicolae_vehumet_altar_sigil,
          amcnicky_altar_gilded, lair_entry_dummy, minmay_orc_entry_guard_dogs,
          enter_bailey_7
D:11:     layout_small_grid, gauntlet_entry_generic
D:12:     cheibrodos_fzero, layout_grid_maze, grunt_qazlal_sundering
Temple:   nicolae_temple_ecumenical_triangle
Lair:1:   layout_regular_city, grunt_megastairs_5, lemuel_fruit_tree,
          uniq_nergalle

Skill      XL: |  1  2  3  4  5  6  7  8  9 10 11 12 |
---------------+-------------------------------------+-----
Throwing       | 1 2 3 4 |  4.0
Long Blades    | 3 4 6 7 8 10 | 10.5
Shields        | 4 5 6 7 8 10 | 10.6
Fighting       | 4 5 7 8 9 |  9.5
Armour         | 4 5 6 7 |  7.7
Invocations    | 2 3 5 |  5.2
Evocations     | 3 4 |  4.0

Action                     |  1- 3 |  4- 6 |  7- 9 | 10-12 || total
---------------------------+-------+-------+-------+-------++-------
  Melee: Long sword        |    66 |   267 |       |       ||   333
         Hand axe          |       |    15 |   144 |     7 ||   166
         Katana            |       |       |       |   280 ||   280
  Throw: Boomerang         |     5 |    23 |    10 |       ||    38
         Javelin           |       |       |     5 |    28 ||    33
 Invoke: Divine Shield     |       |       |     1 |     1 ||     2
  Evoke: Wand              |       |       |       |     2 ||     2
         Lightning rod     |       |       |       |     1 ||     1
         Phantom mirror    |       |       |       |     1 ||     1
    Use: Potion            |     1 |     1 |     1 |     3 ||     6
         Scroll            |       |     6 |     2 |     5 ||    13
 Armour: Scale mail        |    45 |    88 |     4 |       ||   137
         Chain mail        |       |       |    83 |   132 ||   215
  Dodge: Dodged            |    44 |    92 |    60 |    69 ||   265
  Block: Buckler           |    22 |    56 |    51 |    75 ||   204
